Map: [ESL] Site Delta

Players

SHIN

  • Race: Zerg Zerg
  • Spawn Location: 5:00

Astrea - Winner!

  • Race: Protoss Protoss
  • Spawn Location: 11:00

Event: ESL Spring 2024 Finals

VOD

Have the link to the VOD?

Description

Time

  • Played on: May 31, 2024, 1:21 p.m.
  • Length: 20:54

All games in this series

Show
View Real Time Build Order
Export as new Build Order

SHIN Zerg 

Build Orders: Hatch First, Lurkers 

Get SALT Encoding   

  12  0:00  Drone  
  13  0:08  Drone  
  14  0:16  Overlord  
  14  0:34  Drone  
  15  0:43  Hatchery  
  15  0:46  Drone  
  15  0:50  Drone  
  15  0:54  Drone  
  17  0:58  Drone  
  18  1:08  Extractor  
  17  1:13  Spawning Pool  
  17  1:16  Drone  
  17  1:19  Drone  
  18  1:29  Drone  
  19  1:40  Drone  
  20  1:51  Drone  
  21  1:56  Drone  
  21  1:59  Queen  
  21  2:00  Queen  
  26  2:02  Zergling x2  
  26  2:05  Overlord  
  27  2:13  Zergling x2  
  28  2:17  Metabolic Boost  
  28  2:25  Drone x2  
  28  2:28  Drone  
  31  2:34  Drone  
  32  2:41  Hatchery  
  32  2:43  Drone  
  32  2:47  Queen  
  34  2:52  Overlord  
  34  2:56  Drone x2  
  36  3:09  Queen  
  36  3:11  Drone x4  
  42  3:14  Zergling x4  
  42  3:18  Overlord  
  44  3:28  Overlord  
  44  3:36  Drone x2, Queen  
  44  3:39  Zergling x4  
  44  3:40  Drone x2  
  52  3:45  Spore Crawler, Queen  
  52  3:47  Drone  
  54  3:49  Drone  
  54  3:50  Drone  
  54  3:52  Drone  
  54  3:54  Drone  
  57  4:00  Drone x3  
  57  4:01  Drone  
  59  4:06  Drone  
  59  4:08  Spore Crawler  
  59  4:10  Drone  
  59  4:11  Drone, Evolution Chamber  
  59  4:15  Queen  
  62  4:17  Drone  
  62  4:21  Drone x2  
  65  4:25  Overlord  
  65  4:26  Drone  
  65  4:30  Overlord  
  66  4:33  Overlord  
  66  4:39  Overlord  
  66  4:42  Hatchery  
  66  4:45  Zerg Melee Weapons Level 1  
  65  4:46  Drone  
  65  4:48  Drone  
  65  4:49  Drone  
  65  4:50  Drone  
  65  4:51  Drone  
  70  4:53  Drone  
  70  4:54  Drone  
  70  4:57  Zergling x4  
  73  5:01  Zergling x2  
  73  5:02  Zergling x6  
  73  5:05  Drone x3  
  80  5:11  Roach Warren  
  79  5:15  Zergling x8  
  79  5:16  Extractor  
  79  5:17  Extractor  
  79  5:18  Zergling x4  
  81  5:24  Drone  
  81  5:26  Lair  
  81  5:30  Zergling x12  
  81  5:32  Drone x2  
  89  5:35  Drone  
  89  5:36  Drone x2  
  89  5:39  Zergling x4  
  90  5:44  Drone  
  90  5:48  Drone  
  92  5:50  Overlord, Extractor  
  92  5:56  Roach x2  
  92  5:57  Roach x2  
  99  5:58  Drone x2  
  99  5:59  Drone, Overlord  
  99  6:00  Overlord  
  99  6:01  Overlord  
  104  6:04  Roach  
  104  6:08  Roach x2  
  101  6:12  Drone x4  
  102  6:20  Roach x2  
  102  6:24  Roach x2  
  110  6:27  Roach x5  
  110  6:31  Drone x4, Overlord  
  110  6:32  Drone  
  125  6:35  Glial Reconstitution  
  125  6:37  Extractor  
  125  6:38  Extractor, Roach  
  123  6:40  Spore Crawler  
  123  6:42  Roach x2  
  123  6:44  Overlord  
  126  6:52  Zerg Missile Weapons Level 1  
  126  6:53  Zergling x8  
  126  6:56  Overlord, Roach  
  126  6:57  Roach  
  126  7:00  Zergling x8  
  134  7:03  Overseer  
  134  7:06  Roach x3  
  140  7:09  Roach x2  
  140  7:13  Zergling x6  
  147  7:18  Zergling x10  
  152  7:23  Zergling x2, Roach x3  
  152  7:25  Overlord  
  152  7:27  Overlord  
  159  7:32  Overlord  
  159  7:33  Overlord  
  159  7:36  Overlord  
  159  7:38  Overlord  
  159  7:39  Overlord  
  159  7:41  Overlord  
  159  7:44  Overlord  
  159  7:47  Roach x3  
  163  7:53  Roach x3  
  163  7:56  Ravager x7  
  174  8:00  Zergling x4, Roach  
  174  8:03  Zergling x4, Roach  
  182  8:07  Ravager x2  
  182  8:08  Zergling x2  
  182  8:09  Zergling x8  
  193  8:13  Roach x2  
  193  8:17  Zergling x4, Roach  
  193  8:18  Zergling x2  
  193  8:19  Ravager  
  167  8:36  Roach x10  
  167  8:39  Roach  
  167  8:40  Roach x2  
  172  8:44  Roach  
  149  8:48  Roach  
  149  8:50  Drone x7  
  149  8:51  Roach  
  149  8:55  Roach x3  
  153  9:02  Zerg Melee Weapons Level 2  
  147  9:04  Zergling x6, Baneling Nest  
  147  9:06  Zergling x2  
  147  9:08  Zergling x2  
  151  9:13  Zergling x2  
  151  9:14  Zergling x4  
  154  9:18  Zergling x12  
  154  9:24  Roach x5  
  167  9:26  Ravager  
  160  9:32  Hatchery  
  160  9:35  Drone x2  
  160  9:36  Ravager  
  157  9:39  Zergling x6  
  157  9:44  Drone x3  
  163  9:47  Zergling x8  
  163  9:50  Centrifugal Hooks, Ravager  
  163  9:51  Ravager  
  169  9:55  Zergling x10  
  174  10:03  Zergling x8, Infestation Pit  
  176  10:08  Drone x4  
  182  10:14  Zergling x4, Roach  
  182  10:17  Zergling x14  
  182  10:20  Extractor  
  190  10:29  Zergling x2  
  190  10:30  Zergling x14  
  198  10:41  Baneling x19  
  198  10:42  Baneling x12  
  198  10:44  Hive  
  198  10:46  Hydralisk Den  
  197  10:50  Extractor  
  197  10:51  Baneling x9  
  197  10:56  Drone x3  
  199  11:03  Spine Crawler  
  198  11:05  Zergling x2  
  198  11:07  Baneling x8  
  199  11:12  Zergling x2  
  183  11:21  Zergling x40, Roach  
  183  11:22  Zergling x2  
  190  11:30  Roach x6  
  165  11:33  Zergling x4  
  165  11:35  Grooved Spines  
  165  11:37  Zergling x2  
  165  11:38  Zergling x2  
  165  11:40  Zerg Missile Weapons Level 2  
  165  11:42  Lurker Den  
  165  11:43  Drone  
  165  11:45  Drone x3  
  168  11:49  Zergling x6  
  168  11:50  Zergling x2  
  163  12:05  Hatchery, Hydralisk  
  163  12:06  Hydralisk x3  
  159  12:11  Hydralisk x3  
  163  12:17  Hydralisk x3  
  163  12:19  Overseer  
  169  12:26  Muscular Augments  
  169  12:28  Hydralisk x3  
  175  12:35  Overseer  
  174  12:40  Seismic Spines  
  174  12:41  Lurker x5  
  178  12:44  Drone x2  
  178  12:45  Drone x2  
  178  12:47  Lurker x2  
  178  12:48  Spore Crawler  
  178  12:49  Spine Crawler  
  180  12:53  Lurker  
  180  12:57  Drone x5  
  175  13:02  Drone x3, Extractor x3  
  175  13:06  Extractor  
  175  13:07  Lurker x3  
  175  13:15  Zergling x18  
  175  13:17  Lurker  
  185  13:22  Lurker  
  186  13:30  Spore Crawler  
  186  13:31  Spine Crawler  
  186  13:32  Hydralisk  
  186  13:34  Spine Crawler  
  179  13:35  Hydralisk x5  
  179  13:37  Adaptive Talons  
  179  13:40  Hydralisk x2  
  193  13:50  Hydralisk x3  
  199  13:58  Zerg Missile Weapons Level 3  
  196  14:03  Lurker x4  
  196  14:09  Overseer, Pneumatized Carapace  
  200  14:10  Overseer x2  
  200  14:12  Hydralisk  
  200  14:16  Spine Crawler  
  198  14:17  Spine Crawler x2  
  198  14:21  Hydralisk  
  198  14:37  Drone  
  196  14:54  Hydralisk  
  196  14:59  Baneling, Overseer x4  
  198  15:00  Baneling x12  
  198  15:06  Hydralisk  
  200  15:13  Hydralisk x5  
  192  15:15  Hydralisk  
  192  15:16  Hydralisk x15  
  192  15:17  Hydralisk  
  192  15:18  Hydralisk x3  
  192  15:20  Hydralisk  
  172  15:23  Roach  
  172  15:25  Hydralisk  
  172  15:27  Hydralisk  
  165  15:28  Lurker  
  165  15:30  Roach  
  168  15:38  Lurker x2  
  168  15:40  Lurker x5  
  168  15:41  Hydralisk  
  168  15:42  Zergling x4  
  179  15:47  Hydralisk x2  
  175  15:51  Hydralisk x2  
  175  15:53  Lurker  
  175  15:54  Lurker  
  174  16:00  Lurker  
  174  16:01  Lurker  
  174  16:03  Hydralisk x2  
  180  16:09  Hydralisk x2  
  184  16:12  Lurker  
  184  16:13  Lurker  
  184  16:15  Hydralisk  
  184  16:16  Hydralisk  
  190  16:21  Hydralisk x2  
  190  16:25  Hydralisk  
  196  16:28  Hydralisk  
  196  16:29  Hydralisk  
  200  16:38  Hydralisk x3  
  194  16:45  Hydralisk  
  194  16:46  Hydralisk x2  
  193  16:49  Hydralisk  
  190  16:57  Hydralisk x2  
  190  17:00  Hydralisk  
  196  17:07  Lurker  
  196  17:10  Hydralisk  
  191  17:16  Hydralisk  
  191  17:17  Drone, Hydralisk  
  191  17:22  Hydralisk  
  178  17:25  Hydralisk  
  173  17:31  Hydralisk  
  154  17:46  Drone x2  
  154  17:47  Drone  
  154  17:49  Hydralisk  
  150  17:57  Lurker  
  153  18:07  Viper  
  153  18:08  Viper x2  
  152  18:17  Hydralisk x3  
  149  18:36  Overseer x4  
  149  18:42  Spawning Pool  
  148  18:55  Overseer x4  
  138  19:13  Overseer x3  
  136  19:28  Lair  
  136  19:29  Drone x3  
  136  19:30  Overseer x3  
  133  19:56  Spine Crawler  
  133  19:57  Spine Crawler  
  115  20:28  Hydralisk Den  
  115  20:34  Drone  
Show
View Real Time Build Order
Export as new Build Order

Astrea Protoss - Winner!

Build Orders: 1 Gate Expand, Oracle Opening, Archon Immortal, Carriers, Archon Drop 

Get SALT Encoding   

  12  0:00  Probe  
  13  0:12  Probe  
  14  0:18  Pylon  
  14  0:24  Probe (Chrono Boost)  
  15  0:36  Probe (Chrono Boost)  
  15  0:37  Gateway  
  16  0:45  Probe (Chrono Boost)  
  16  0:46  Assimilator  
  17  0:50  Probe  
  18  1:03  Probe  
  19  1:15  Probe  
  20  1:21  Nexus  
  20  1:27  Probe  
  21  1:34  Cybernetics Core  
  21  1:41  Assimilator  
  21  1:42  Probe  
  22  1:49  Pylon  
  22  1:59  Probe (Chrono Boost)  
  23  2:10  Adept  
  23  2:11  Probe (Chrono Boost)  
  26  2:16  Probe (Chrono Boost)  
  26  2:19  Stargate  
  27  2:27  Warp Gate, Probe (Chrono Boost)  
  28  2:33  Probe (Chrono Boost)  
  29  2:40  Adept  
  29  2:42  Probe (Chrono Boost)  
  29  2:43  Probe (Chrono Boost)  
  33  2:48  Probe (Chrono Boost)  
  33  2:49  Probe  
  35  3:00  Oracle (Chrono Boost), Probe  
  35  3:01  Probe  
  40  3:07  Pylon  
  40  3:12  Probe  
  41  3:14  Gateway  
  41  3:15  Probe  
  42  3:24  Probe  
  43  3:27  Oracle (Chrono Boost)  
  43  3:31  Probe  
  47  3:36  Probe  
  47  3:40  Nexus  
  48  3:45  Probe  
  48  3:48  Probe  
  50  3:51  Pylon  
  50  3:58  Probe  
  50  4:00  Probe  
  50  4:02  Assimilator  
  52  4:03  Pylon  
  52  4:04  Assimilator  
  52  4:11  Probe  
  52  4:13  Forge  
  52  4:14  Twilight Council  
  53  4:17  Probe  
  53  4:18  Robotics Facility  
  54  4:24  Adept  
  54  4:28  Pylon  
  54  4:30  Probe (Chrono Boost)  
  58  4:33  Probe (Chrono Boost)  
  58  4:39  Probe (Chrono Boost)  
  58  4:40  Protoss Ground Weapons Level 1 (Chrono Boost)  
  58  4:42  Gateway  
  58  4:43  Gateway, Probe (Chrono Boost)  
  58  4:44  Probe (Chrono Boost)  
  61  4:55  Probe  
  61  4:59  Probe  
  60  5:00  Stalker  
  60  5:03  Charge, Warp Prism  
  60  5:05  Templar Archives  
  62  5:07  Probe  
  62  5:09  Probe  
  66  5:15  Probe  
  66  5:17  Zealot  
  66  5:19  Probe  
  68  5:25  Probe  
  67  5:29  Probe  
  67  5:31  Probe  
  67  5:32  Assimilator  
  67  5:35  Zealot  
  71  5:37  Zealot x2, Probe  
  71  5:41  Probe  
  71  5:42  Shield Battery  
  75  5:43  Probe  
  75  5:45  Assimilator  
  75  5:49  Observer, Probe  
  78  5:53  Probe  
  78  5:56  Probe  
  80  5:59  Gateway  
  80  6:00  Gateway  
  80  6:01  Probe  
  80  6:02  High Templar x4  
  89  6:06  Archon x2  
  89  6:09  Immortal (Chrono Boost)  
  83  6:18  Probe x2  
  83  6:20  Gateway  
  84  6:28  Probe  
  84  6:30  Probe  
  86  6:34  Zealot x3  
  86  6:37  Probe  
  93  6:43  Protoss Ground Weapons Level 2  
  93  6:46  Pylon  
  93  6:47  Blink  
  93  6:50  Pylon  
  93  6:52  Pylon  
  93  6:59  Psionic Storm  
  93  7:01  Immortal (Chrono Boost)  
  93  7:03  Pylon x2  
  93  7:04  Zealot, Probe  
  100  7:14  High Templar x2  
  104  7:16  Gateway  
  104  7:19  Gateway  
  104  7:21  Nexus  
  104  7:27  Pylon  
  104  7:28  Shield Battery  
  103  7:31  Immortal (Chrono Boost)  
  103  7:36  High Templar  
  109  7:43  Pylon  
  109  7:44  Probe x3  
  108  8:00  Zealot x3, High Templar x2, Immortal (Chrono Boost)  
  108  8:02  Photon Cannon  
  122  8:06  Pylon, Photon Cannon  
  122  8:08  Shield Battery  
  122  8:09  Photon Cannon  
  122  8:10  Pylon  
  122  8:20  Zealot  
  122  8:21  Zealot x4  
  132  8:28  Immortal (Chrono Boost)  
  132  8:32  Archon  
  132  8:34  Zealot x2  
  132  8:39  Zealot  
  116  8:43  Zealot x4  
  108  8:52  High Templar  
  108  8:53  Immortal (Chrono Boost)  
  108  8:56  High Templar x2  
  108  9:00  Zealot  
  118  9:05  Void Ray (Chrono Boost)  
  118  9:08  High Templar x2  
  122  9:11  Shield Battery  
  122  9:12  High Templar  
  122  9:15  Nexus  
  124  9:21  Pylon  
  124  9:24  Protoss Ground Weapons Level 3 (Chrono Boost)  
  124  9:31  Probe x3  
  121  9:32  Warp Prism (Chrono Boost)  
  113  9:43  Shield Battery, Probe  
  112  9:50  Probe x2  
  114  9:53  Robotics Facility  
  114  9:55  Probe  
  114  9:56  Photon Cannon  
  114  9:59  Pylon, Immortal (Chrono Boost)  
  115  10:06  High Templar x2  
  124  10:07  Probe x2  
  124  10:11  Zealot x5  
  135  10:20  Probe  
  136  10:25  Photon Cannon  
  136  10:27  Photon Cannon  
  136  10:28  Assimilator  
  136  10:31  Assimilator  
  140  10:37  Archon, High Templar x4  
  140  10:39  Immortal (Chrono Boost)  
  140  10:41  Archon  
  140  10:42  Immortal (Chrono Boost)  
  146  10:43  Archon  
  150  10:55  Zealot x4  
  158  10:59  Photon Cannon  
  158  11:02  Pylon  
  158  11:08  Nexus  
  158  11:11  Immortal  
  162  11:20  Immortal  
  162  11:22  Zealot x3  
  166  11:28  Archon x2  
  166  11:29  Zealot x2  
  146  11:33  Probe x2  
  146  11:35  High Templar x2  
  146  11:36  High Templar  
  154  11:40  Probe  
  159  11:54  Immortal (Chrono Boost)  
  159  11:57  Forge  
  159  12:00  High Templar x3  
  147  12:05  Photon Cannon x2  
  147  12:11  Immortal (Chrono Boost)  
  149  12:23  High Templar x3  
  155  12:33  Stalker  
  159  12:39  Protoss Air Weapons Level 1, Fleet Beacon  
  159  12:41  Nexus  
  159  12:45  Warp Prism (Chrono Boost)  
  159  12:46  Pylon  
  159  12:47  Observer (Chrono Boost)  
  159  12:48  Pylon  
  160  12:53  Pylon  
  160  12:54  Protoss Shields Level 1 (Chrono Boost)  
  160  12:56  Protoss Ground Armor Level 1 (Chrono Boost)  
  160  13:07  Pylon  
  160  13:09  Pylon  
  160  13:14  Gateway, High Templar x2  
  160  13:15  Gateway, Fleet Beacon  
  160  13:17  Probe x4  
  168  13:23  Observer (Chrono Boost)  
  168  13:24  Photon Cannon  
  170  13:29  Probe  
  170  13:30  Observer (Chrono Boost)  
  171  13:35  Photon Cannon  
  171  13:37  Photon Cannon  
  171  13:38  Shield Battery  
  171  13:44  Immortal (Chrono Boost)  
  179  13:54  Immortal (Chrono Boost)  
  185  13:56  Assimilator  
  185  13:57  Assimilator  
  185  13:58  Oracle (Chrono Boost)  
  185  14:00  Mothership (Chrono Boost)  
  188  14:10  Photon Cannon  
  188  14:11  Photon Cannon  
  188  14:26  High Templar x3  
  188  14:27  Zealot x2, High Templar  
  197  14:33  Photon Cannon  
  197  14:34  Pylon  
  197  14:35  Oracle (Chrono Boost), Archon x2  
  197  14:36  Photon Cannon  
  168  15:17  Zealot x9, Immortal (Chrono Boost)  
  159  15:28  Photon Cannon  
  151  15:30  Carrier (Chrono Boost)  
  151  15:32  Photon Cannon  
  157  15:39  Stargate  
  157  15:40  Immortal  
  161  15:45  High Templar x6  
  161  15:46  High Templar  
  169  15:51  Protoss Shields Level 2  
  169  15:54  Protoss Air Weapons Level 2  
  161  15:58  Pylon  
  161  16:01  Protoss Ground Armor Level 2  
  161  16:03  Zealot x2  
  161  16:20  Oracle  
  161  16:21  Nexus  
  164  16:30  Zealot x7  
  168  16:53  Immortal  
  169  17:10  Carrier (Chrono Boost)  
  169  17:15  Zealot x9  
  184  17:25  Mothership (Chrono Boost)  
  175  17:39  Nexus  
  171  18:00  Pylon  
  171  18:04  Carrier (Chrono Boost)  
  171  18:19  Carrier (Chrono Boost)  
  170  18:28  Observer  
  170  18:30  Observer  
  171  18:48  Observer  
  171  18:50  Assimilator x2  
  170  18:56  Photon Cannon x2  
  165  19:13  Shield Battery  
  162  19:25  Carrier x2  
  162  19:28  Zealot x4  
  181  20:00  High Templar x3  
  181  20:01  High Templar  
  181  20:05  Archon  
  186  20:29  Assimilator  
  186  20:31  Assimilator, Pylon  
  195  20:43  Nexus  
  195  20:49  High Templar x2  
Tags
 
Add a new tag
Caveats
  • Supply blocks, unpowered buildings, or Contaminate may cause inaccurate times.
  • Supply counts are checked every 10 seconds.